 Dungeon Sprint DCSS version 0.27-a0-1319-geec4fb4e21 (webtiles) character file.

Game seed: 12377782818450205473

10520 mhtbhm the Eclecticist (level 11, -4/47 HPs)
             Began as a Spriggan Earth Elementalist on June 21, 2021.
             Was the Champion of Vehumet.
             Killed from afar by a deep elf annihilator (34 damage)
             ... with a bolt of lightning
             ... in the Dungeon (Sprint III: "The Ten Rune Challenge").
             The game lasted 00:06:19 (2367 turns).

mhtbhm the Eclecticist (SpEE)                       Turns: 2367, Time: 00:06:20

Health: -4/47      AC:  3    Str:  4    XL:     11   Next: 37%
Magic:  26/36      EV: 19    Int: 19    God:    Vehumet [******]
Gold:   2490       SH:  0    Dex: 17    Spells: 36/51 levels left

rFire    + . .     SeeInvis +   (weapon restricted)
rCold    + . .     Faith    .   (shield restricted)
rNeg     . . .     Spirit   .   b - +1 robe {Archmagi}
rPois    .         Reflect  .   (helmet restricted)
rElec    .         Harm     .   i - scarf {rC+ rF+}
rCorr    .         Rampage  .   (gloves unavailable)
Will     +....     NoTele   +   (boots unavailable)
Stlth    ++++......             (no amulet)
HPRegen  0.15/turn              (no ring)
MPRegen  0.25/turn              (no ring)

@: very quick
A: very small, no large weapons, unfitting armour, see invisible, speed 3
a: Renounce Religion


You were in the Dungeon.
You worshipped Vehumet.
Vehumet was exalted by your worship.
You visited 1 branch You collected 2759 gold pieces.
You spent 269 gold pieces at shops.

Inventory:

Armour
 b - a +1 robe of the Archmagi (worn)
 i - a scarf of resistance (worn)
Scrolls
 h - a scroll of blinking
 k - a scroll of immolation {unknown}
 l - 2 scrolls of identify {unknown}
 n - a scroll of torment {unknown}
Potions
 a - 2 potions of flight {unknown}
 c - 2 potions of curing
 d - a potion of heal wounds
 e - a potion of haste
 f - a potion of magic
 g - a potion of berserk rage
 j - 2 potions of mutation {unknown}
 m - a potion of invisibility {unknown}
 o - 2 potions of brilliance {unknown}
 p - a potion of might
Miscellaneous
 q - a box of beasts


   Skills:
 + Level 5.3 Dodging
 + Level 6.7 Stealth
 + Level 20.7 Spellcasting
 + Level 2.8 Conjurations
 + Level 2.9 Transmutations
 + Level 17.5 Earth Magic
 + Level 1.2 Evocations


You had 36 spell levels left.
You knew the following spells:

 Your Spells              Type           Power      Damage    Failure   Level
a - Sandblast             Erth           100%       2d20      0%          1
b - Passwall              Tmut/Erth      60%        N/A       1%          2
c - Stone Arrow           Conj/Erth      100%       3d13      1%          3
d - Lee's Rapid Deconstr  Erth           46%        3d23*     1%          5
e - Petrify               Tmut/Erth      73%        N/A       1%          4

Your spell library contained the following spells:

 Spells                   Type           Power      Damage    Failure   Level
 Eringya's Noxious Bog    Tmut/Pois      18%        N/A       45%         6
 Confusing Touch          Hex            29%        N/A       8%          3
 Gell's Gravitas          Tloc           14%        N/A       8%          3
 Yara's Violent Unravell  Hex/Tmut       18%        3d9       11%         5
 Metabolic Englaciation   Hex/Ice        14%        N/A       56%         5


Dungeon Overview and Level Annotations

Branches:
Dungeon (1/1)

Altars:
Cheibriados
Dithmenos
Elyvilon
Fedhas
Gozag
Hepliaklqana
Kikubaaqudgha
Makhleb
Nemelex Xobeh
Okawaru
Qazlal
Ru
Sif Muna
Trog
Uskayaw
Vehumet
Wu Jian
Xom
Yredelemnul
Zin
The Shining One
Beogh
Jiyva
Lugonu

Shops:
D [


Innate Abilities, Weirdness & Mutations

You are very small and have problems with some larger weapons.
You are too small for most types of armour.
You have supernaturally acute eyesight. (SInv)
You cover ground extremely quickly. (Speed+++)


Message History

Magic restored.
Unknown command.
You start resting.
A deep elf annihilator is nearby!
Unknown command.
Casting: Lee's Rapid Deconstruction (safe; 1% risk of failure)
Confirm with . or Enter, or press ? or * to list all spells.
Aiming: Lee's Rapid Deconstruction (safe; 1% risk of failure)
Press: ? - help, Dir - move target, f - you You cannot affect that.
Okay, then.
The deep elf annihilator gestures at you while chanting.
The bolt of lightning misses you.
Unknown command.
Casting: Lee's Rapid Deconstruction (safe; 1% risk of failure)
Confirm with . or Enter, or press ? or * to list all spells.
Aiming: Lee's Rapid Deconstruction (safe; 1% risk of failure)
Press: ? - help, Dir - move target A stone wall.
You feel a surge of power!
The wall shatters!
The blast of rock fragments hits the deep elf annihilator!!!
The deep elf annihilator is severely wounded.
The deep elf annihilator mumbles some strange words.
The deep elf annihilator blinks!
Unknown command.
You start resting.
A deep elf annihilator is nearby!
Unknown command.
Casting: Lee's Rapid Deconstruction (safe; 1% risk of failure)
Confirm with . or Enter, or press ? or * to list all spells.
Aiming: Lee's Rapid Deconstruction (safe; 1% risk of failure)
Press: ? - help, Dir - move target A stone wall.
You feel a surge of power!
The wall shatters!
The blast of rock fragments hits the deep elf annihilator!
The deep elf annihilator is almost dead.
The deep elf annihilator casts a spell at you.
The bolt of lightning hits you!!
Ouch! That really hurt!
You die...

▓▓▓▓▓ ###.#.############
### #....###...'.#...#
)..[
#.........##.#..@##≈≈≈≈#
#).......∩##.#)..≈≈≈e.).
#).......###.#)..##≈≈≈≈#
#)...##.#.##.))..# ...e
#)##.#.#.#.####### ###
#)#####################
#....#.#.#.....#.....^+
##.#))#.##.###)#.....^#
)##.#.#.##.#..##^..^..#


You could see a deep elf blademaster and a deep elf annihilator.

Vanquished Creatures
  A deep elf demonologist (D)
  A deep elf annihilator (D)
  A deep elf death mage (D)
  A deep elf high priest (D)
  An orc high priest (D)
  A deep elf knight (D)
  2 deep elf pyromancers (D)
  4 deep elf zephyrmancers (D)
  3 wandering mushrooms (D)
  A shadow (D)
  2 redbacks (D)
  A spatial vortex (D)
  A necrophage (D)
  2 orc warriors (D)
  5 two-headed ogres (D)
  A water elemental (D)
  A scorpion (D)
  A jelly (D)
  2 orc priests (D)
  A wizard (D)
  A necromancer (D)
  2 orc wizards (D)
  A kobold demonologist (D)
  3 humans (D)
  11 orcs (D)
  An endoplasm (D)
  3 rats (D)
55 creatures vanquished.

Vanquished Creatures (collateral kills)
  Erolcha (D)
1 creature vanquished.

Grand Total: 56 creatures vanquished

Notes
Turn   | Place    | Note
-------+----------+-------------------------------------------
     0 | D        | mhtbhm the Spriggan Earth Elementalist began the quest for
                  | the Orb.
     0 | D        | Reached XP level 1. HP: 9/9 MP: 5/5
     7 | D        | Reached skill level 3 in Spellcasting
   177 | D        | Reached skill level 4 in Spellcasting
   177 | D        | Reached XP level 2. HP: 13/13 MP: 0/8
   252 | D        | Learned a level 2 spell: Passwall
   269 | D        | Noticed a scorpion
   285 | D        | Killed a scorpion
   286 | D        | Reached skill level 6 in Spellcasting
   286 | D        | Reached XP level 3. HP: 11/16 MP: 0/11
   286 | D        | Reached XP level 4. HP: 14/21 MP: 0/13
   290 | D        | Learned a level 3 spell: Stone Arrow
   408 | D        | Noticed a water elemental
   430 | D        | Killed a water elemental
   431 | D        | Reached skill level 7 in Spellcasting
   535 | D        | Found a radiant altar of Vehumet.
   536 | D        | Found a shimmering blue altar of Sif Muna.
   536 | D        | Found an ancient bone altar of Kikubaaqudgha.
   536 | D        | Noticed a wizard
   537 | D        | Killed a wizard
   538 | D        | Reached skill level 8 in Spellcasting
   538 | D        | Reached XP level 5. HP: 24/24 MP: 13/16
   540 | D        | Noticed a red devil
   546 | D        | Became a worshipper of Vehumet
   559 | D        | Learned a level 5 spell: Lee's Rapid Deconstruction
   564 | D        | Learned a level 4 spell: Petrify
   600 | D        | Found a basalt altar of Yredelemnul.
   600 | D        | Found a shadowy altar of Dithmenos.
   600 | D        | Found a sacrificial altar of Ru.
   600 | D        | Noticed a necrophage
   603 | D        | Reached skill level 9 in Spellcasting
   604 | D        | Killed a necrophage
   605 | D        | Reached skill level 5 in Stealth
   605 | D        | Reached skill level 10 in Spellcasting
   605 | D        | Reached XP level 6. HP: 28/28 MP: 2/20
   716 | D        | Found a glowing silver altar of Zin.
   716 | D        | Found a glowing golden altar of the Shining One.
   716 | D        | Found a white marble altar of Elyvilon.
   716 | D        | Noticed a deep elf pyromancer
   719 | D        | Killed a deep elf pyromancer
   719 | D        | Reached * piety under Vehumet
   719 | D        | Offered knowledge of Foxfire by Vehumet.
   720 | D        | Reached skill level 12 in Spellcasting
   720 | D        | Reached skill level 1 in Conjurations
   720 | D        | Reached skill level 10 in Earth Magic
   720 | D        | Reached XP level 7. HP: 32/32 MP: 5/24
   836 | D        | Found a hide-covered altar of Uskayaw.
   836 | D        | Found an iron altar of Okawaru.
   836 | D        | Found a bloodstained altar of Trog.
   836 | D        | Found an ornate altar of the Wu Jian Council.
   836 | D        | Noticed a human
   836 | D        | Noticed a human
   837 | D        | Killed a human
   838 | D        | Reached skill level 13 in Spellcasting
   840 | D        | Killed a human
   958 | D        | Noticed a shadow
   959 | D        | Reached XP level 8. HP: 36/36 MP: 20/26
   959 | D        | Reached ** piety under Vehumet
   959 | D        | Offered knowledge of Freeze by Vehumet.
  1021 | D        | Found a blossoming altar of Fedhas.
  1021 | D        | Found a stormy altar of Qazlal.
  1021 | D        | Found a snail-covered altar of Cheibriados.
  1021 | D        | Found a burning altar of Makhleb.
  1021 | D        | Found a shimmering altar of Xom.
  1022 | D        | Found a hazy altar of Hepliaklqana.
  1022 | D        | Found an opulent altar of Gozag.
  1022 | D        | Found a sparkling altar of Nemelex Xobeh.
  1022 | D        | Found a corrupted altar of Lugonu.
  1022 | D        | Found a viscous altar of Jiyva.
  1027 | D        | Reached skill level 14 in Spellcasting
  1119 | D        | Reached *** piety under Vehumet
  1222 | D        | Noticed Erolcha
  1223 | D        | Noticed a two-headed ogre
  1226 | D        | Killed a two-headed ogre
  1226 | D        | Offered knowledge of Inner Flame by Vehumet.
  1227 | D        | Reached skill level 15 in Spellcasting
  1230 | D        | Reached XP level 9. HP: 39/39 MP: 3/29
  1248 | D        | Killed Erolcha
  1248 | D        | Reached **** piety under Vehumet
  1249 | D        | Reached skill level 16 in Spellcasting
  1351 | D        | Noticed a two-headed ogre
  1376 | D        | Killed a two-headed ogre
  1538 | D        | Noticed a wandering mushroom
  1543 | D        | Noticed a wandering mushroom
  1546 | D        | Killed a wandering mushroom
  1546 | D        | Offered knowledge of Dazzling Flash by Vehumet.
  1547 | D        | Reached skill level 17 in Spellcasting
  1548 | D        | Noticed a wandering mushroom
  1553 | D        | Killed a wandering mushroom
  1559 | D        | Killed a wandering mushroom
  1560 | D        | Reached skill level 1 in Evocations
  1593 | D        | Noticed an orc high priest
  1603 | D        | Reached ***** piety under Vehumet
  1608 | D        | Noticed a hellwing
  1608 | D        | Noticed a rust devil
  1608 | D        | Killed an orc high priest
  1609 | D        | Reached skill level 18 in Spellcasting
  1609 | D        | Reached XP level 10. HP: 44/44 MP: 6/33
  1612 | D        | Reached ****** piety under Vehumet
  1702 | D        | Found Puhewuq's Antique Armour Emporium.
  1769 | D        | Bought a glowing robe for 85 gold pieces
  1774 | D        | Bought a glowing scarf for 184 gold pieces
  1782 | D        | Noticed a deep elf knight
  1782 | D        | Noticed a deep elf zephyrmancer
  1782 | D        | Noticed a deep elf zephyrmancer
  1782 | D        | Noticed a deep elf zephyrmancer
  1782 | D        | Noticed a deep elf pyromancer
  1792 | D        | Killed a deep elf zephyrmancer
  1792 | D        | Offered knowledge of Conjure Flame by Vehumet.
  1793 | D        | Reached skill level 15 in Earth Magic
  1793 | D        | Killed a deep elf pyromancer
  1793 | D        | Killed a deep elf zephyrmancer
  1794 | D        | Reached skill level 5 in Dodging
  1794 | D        | Killed a deep elf knight
  1795 | D        | Reached skill level 19 in Spellcasting
  1796 | D        | Killed a deep elf zephyrmancer
  1921 | D        | Identified the +8 trident of Ritoitut {elec, rPois Str-3
                  | SInv}
  1921 | D        | Noticed a deep elf annihilator
  2025 | D        | Identified the ring of Pasheomaat {rN+ Will- Str+6}
  2025 | D        | Noticed a deep elf high priest
  2108 | D        | Noticed a deep elf zephyrmancer
  2108 | D        | Noticed a deep elf annihilator
  2109 | D        | Noticed a deep elf death mage
  2110 | D        | Killed a deep elf death mage
  2110 | D        | Offered knowledge of Eringya's Noxious Bog by Vehumet.
  2114 | D        | Killed a deep elf zephyrmancer
  2115 | D        | Reached XP level 11. HP: 47/47 MP: 25/35
  2115 | D        | Noticed a deep elf demonologist
  2117 | D        | Killed a deep elf demonologist
  2118 | D        | Reached skill level 20 in Spellcasting
  2120 | D        | Noticed a deep elf blademaster
  2133 | D        | Killed a deep elf high priest
  2140 | D        | Killed a deep elf annihilator
  2367 | D        | Killed from afar by a deep elf annihilator

Illustrated notes

Levels and vault maps discovered:
D:        dungeon_sprint_mu [sprint_mu_entry_forest, sprint_mu_temple_rooms,
          sprint_mu_d1_spiders, sprint_mu_d2_genie, sprint_mu_d3_branching,
          sprint_mu_orc_legion, sprint_mu_elf_gauntlet, sprint_mu_hive_nellie,
          sprint_mu_lair_fedhas, sprint_mu_vaults_butterflies,
          sprint_mu_slime_circle, sprint_mu_shoals_kraken,
          sprint_mu_snake_twists, sprint_mu_blade_basic,
          sprint_mu_crypt_chambers, sprint_mu_tomb_spiral,
          sprint_mu_vestibule_basic, sprint_mu_gehenna_hellfire,
          sprint_mu_dis_giant, sprint_mu_tartarus_statrot,
          sprint_mu_cocytus_islands, sprint_mu_zot1]

Skill      XL: |  1  2  3  4  5  6  7  8  9 10 11 |
---------------+----------------------------------+-----
Earth Magic    | 4 6 7 8 10 11 12 14 16 17 | 17.5
Spellcasting   | 4 6 8 10 12 13 15 18 19 20 | 20.7
Dodging        | 3 4 5 |  5.3
Stealth        | 4 5 6 |  6.7
Conjurations   | 1 2 |  2.8
Evocations     | 1 |  1.2
Transmutations | 2 |  2.9

Action                   |  1- 3 |  4- 6 |  7- 9 | 10-12 || total
-------------------------+-------+-------+-------+-------++-------
 Cast: Sandblast         |    19 |     8 |     3 |       ||    30
       Stone Arrow       |       |     2 |    10 |     1 ||    13
       Lee's Rapid Decon |       |     6 |    26 |    24 ||    56
       Petrify           |       |       |     2 |       ||     2
       Passwall          |       |       |       |     1 ||     1
Evoke: Box of beasts     |       |       |     1 |       ||     1
  Use: Potion            |       |       |       |     2 ||     2
Dodge: Dodged            |     7 |       |     5 |     1 ||    13

Table legend: (Time is in decaauts)
 A = Elapsed time spent in this place.
 B = Non-inter-level travel time spent in this place.
 C = Inter-level travel time spent in this place.
 D = Time resting spent in this place.
 E = Time spent auto-exploring this place.
 F = Levels seen in this place.
 G = Mean time per level.
                   A        B        C        D        E       F      G
               +--------+--------+--------+--------+--------+-----+--------+
         Total |   2182 |   2182 |      0 |   1702 |     12 |   1 | 2182.0 |
       Dungeon |   2182 |   2182 |      0 |   1702 |     12 |   1 | 2182.0 |
               +--------+--------+--------+--------+--------+-----+--------+

Top non-repeatable levels by time:
       D: 2182 daAuts
